 Dungeon Crawl Stone Soup version 0.22.0-49-gab54619 (webtiles) character file.

165 Merlin the Skirmisher (level 5, -3/47 HPs)
             Began as a Gnoll Wanderer on Sept 3, 2018.
             Killed by divine providence
             ... invoked by an orc priest
              (13 damage)
             ... on level 3 of the Dungeon.
             The game lasted 00:15:44 (1931 turns).

Merlin the Skirmisher (Gnoll Wanderer)              Turns: 1931, Time: 00:15:45

Health: -3/47      AC:  3    Str: 13    XL:     5   Next: 46%
Magic:  7/7        EV: 13    Int: 15    God:
Gold:   163        SH:  0    Dex: 16    Spells: 4/6 levels left

rFire    . . .     SeeInvis .   n - +0 mace
rCold    . . .     Gourm    .   (no shield)
rNeg     . . .     Faith    .   w - +0 leather armour (curse)
rPois    +         Spirit   .   (no helmet)
rElec    .         Reflect  .   (no cloak)
rCorr    .         Harm     .   (no gloves)
MR       +....                  (no boots)
Stlth    +++.......             (no amulet)
HPRegen  0.15/turn              u - ring of poison resistance
MPRegen  0.10/turn              C - ring of protection from magic

@: no status effects
A: distributed training, fangs 1, strong nose
a: no special abilities


You were on level 3 of the Dungeon.
You were not hungry.

You visited 1 branch of the dungeon, and saw 3 of its levels.

You collected 163 gold pieces.

Inventory:

Hand Weapons
 e - a +0 dagger
 m - a +0 club
 n - a +0 mace (weapon)
 o - a +0 whip of venom
Missiles
 g - 139 stones (quivered)
 i - 25 arrows
 j - 8 tomahawks
Armour
 d - a +0 robe
 k - a +0 scale mail
 w - a cursed +0 leather armour (worn)
 x - a +0 ring mail
Jewellery
 u - a ring of poison resistance (left hand)
 B - an uncursed ring of magical power
 C - a ring of protection from magic (right hand)
Wands
 A - a wand of clouds (7)
Scrolls
 a - 2 scrolls of blinking
 c - 2 scrolls of teleportation
 h - a scroll of enchant armour {unknown}
 l - 2 scrolls of enchant weapon {unknown}
 r - a scroll of fog {unknown}
 s - a scroll of remove curse {unknown}
 y - 2 scrolls of identify
Potions
 b - 3 potions of lignification
 p - a potion of agility {unknown}
 q - a potion of curing {unknown}
 v - 4 potions of brilliance {unknown}
 z - 2 potions of might {unknown}
Comestibles
 f - 9 rations
 t - 2 chunks of flesh


   Skills:
 + Level 6.7 Fighting
 + Level 1.4 Short Blades
 + Level 3.0 Long Blades
 + Level 1.4 Axes
 + Level 1.4 Maces & Flails
 + Level 1.4 Polearms
 + Level 1.4 Staves
 + Level 1.4 Slings
 + Level 1.4 Bows
 + Level 1.4 Crossbows
 + Level 3.0 Throwing
 + Level 1.4 Armour
 + Level 3.0 Dodging
 + Level 6.1 Stealth
 + Level 1.4 Shields
 + Level 3.0 Unarmed Combat
 + Level 1.4 Spellcasting
 + Level 1.1 Conjurations
 + Level 1.1 Hexes
 + Level 1.1 Charms
 + Level 1.1 Summonings
 + Level 1.1 Necromancy
 + Level 1.1 Translocations
 + Level 1.1 Transmutations
 + Level 1.1 Fire Magic
 + Level 1.1 Ice Magic
 + Level 1.1 Air Magic
 + Level 1.1 Earth Magic
 + Level 1.1 Poison Magic
 + Level 1.6 Invocations
 + Level 1.4 Evocations


You had 4 spell levels left.
You knew the following spells:

 Your Spells              Type           Power        Failure   Level  Hunger
a - Confusing Touch       Hex            #.....       19%         1    ##.....
b - Beastly Appendage     Tmut           #.....       19%         1    ##.....

Your spell library contained the following spells:

 Spells                   Type           Power        Failure   Level  Hunger
 Animate Skeleton         Necr           N/A          19%         1    ##.....
 Pain                     Necr           #...         19%         1    ##.....
 Sticks to Snakes         Tmut           #.......     28%         2    ###....
 Confuse                  Hex            #.......     50%         3    ####...
 Gell's Gravitas          Tloc           #.........   50%         3    ####...
 Regeneration             Chrm/Necr      #.........   50%         3    ####...
 Spider Form              Tmut/Pois      #.........   50%         3    ####...
 Vampiric Draining        Necr           #.........   50%         3    ####...
 Animate Dead             Necr           N/A          88%         4    #####..
 Ice Form                 Ice/Tmut       #.......     88%         4    #####..
 Petrify                  Tmut/Erth      #.......     88%         4    #####..
 Blade Hands              Tmut           #.........   99%         5    ######.
 Metabolic Englaciation   Hex/Ice        #.........   99%         5    ######.
 Yara's Violent Unravell  Hex/Tmut       #.........   99%         5    ######.


Dungeon Overview and Level Annotations

Branches:
Dungeon (3/15)

Altars:


Innate Abilities, Weirdness & Mutations

Your experience applies equally to all skills.
You have very sharp teeth.
Your uncanny sense of smell can sniff out nearby items.


Message History

You closely miss the orc priest. You bite the orc priest.
The orc priest is moderately wounded.
The orc priest mumbles some strange prayers to Beogh against you.
Pain shoots through your body!
You closely miss the orc priest.
The orc priest is moderately wounded.
The orc priest hits you with an enchanted whip!
* * * LOW HITPOINT WARNING * * *
The orc wizard casts a spell.
The orc wizard blinks!
The orc priest barely misses you.
You closely miss the orc priest.
The orc priest is moderately wounded.
Your Long Blades skill increases to level 3!
Your Throwing skill increases to level 3!
Your Dodging skill increases to level 3!
Your Unarmed Combat skill increases to level 3!
You feel a bit more experienced.
The orc priest mumbles some strange prayers to Beogh against you.
Beogh smites you!
You die...

.##### #<.#....# #...
#.# #... .#
#....#.#####....#÷#
#... ## #(.#.....
..<.....####...
##..##..##
##.....###....#
###...#...## #....#
#..##.#
##...#.#.#..## #....
#..# #.#
##..##....##..# ##.##
..# #.#
###..##...#####.# #.#
.# ##.# ##...###.#.#
#@## #.### #..#
#..### #.#†#
#)o#...... #.## ..##
###.#.# ##§)§# #..#
.## #...#.# #.§##
######.# .# #.#####
..§§#.####.......
.#####.###
....§§............
.........# .........
#<..<.... .###..####
...........##.......
..##.##
#...........##.......


You could see an orc priest.

Vanquished Creatures
  2 orc wizards (D:3)
  A hound skeleton (D:3)
  2 adders
  A worm (D:2)
  2 dart slugs (D:2)
  4 leopard geckos
  6 orcs (D:3)
  4 giant cockroaches
  8 goblins
  4 hobgoblins
  8 jackals
  3 quokkas
  A ball python (D:2)
  8 bats
  3 frilled lizards
  A kobold (D:1)
  5 rats
63 creatures vanquished.

Notes
Turn   | Place    | Note
-------+----------+-------------------------------------------
     0 | D:1      | Merlin the Gnoll Wanderer began the quest for the Orb.
     0 | D:1      | Merlin set off with: 2 scrolls of blinking, a potion of
                  | lignification, a scroll of teleportation, a +0 robe, a +0
                  | dagger, a ration
     0 | D:1      | Reached XP level 1. HP: 23/23 MP: 1/1
   316 | D:1      | Reached XP level 2. HP: 26/29 MP: 2/2
   559 | D:2      | Reached XP level 3. HP: 8/35 MP: 3/3
  1114 | D:2      | Reached skill level 1 in Invocations
  1222 | D:2      | Reached skill level 1 in Short Blades
  1222 | D:2      | Reached skill level 1 in Axes
  1222 | D:2      | Reached skill level 1 in Maces & Flails
  1222 | D:2      | Reached skill level 1 in Polearms
  1222 | D:2      | Reached skill level 1 in Staves
  1222 | D:2      | Reached skill level 1 in Slings
  1222 | D:2      | Reached skill level 1 in Bows
  1222 | D:2      | Reached skill level 1 in Crossbows
  1222 | D:2      | Reached skill level 1 in Armour
  1222 | D:2      | Reached skill level 1 in Shields
  1222 | D:2      | Reached skill level 1 in Spellcasting
  1222 | D:2      | Reached skill level 1 in Evocations
  1387 | D:3      | Reached XP level 4. HP: 39/41 MP: 5/5
  1449 | D:3      | Learned a level 1 spell: Confusing Touch
  1495 | D:3      | Learned a level 1 spell: Beastly Appendage
  1546 | D:3      | HP: 1/41 [something (5)]
  1760 | D:3      | Reached skill level 1 in Conjurations
  1760 | D:3      | Reached skill level 1 in Hexes
  1760 | D:3      | Reached skill level 1 in Charms
  1760 | D:3      | Reached skill level 1 in Summonings
  1760 | D:3      | Reached skill level 1 in Necromancy
  1760 | D:3      | Reached skill level 1 in Translocations
  1760 | D:3      | Reached skill level 1 in Transmutations
  1760 | D:3      | Reached skill level 1 in Fire Magic
  1760 | D:3      | Reached skill level 1 in Ice Magic
  1760 | D:3      | Reached skill level 1 in Air Magic
  1760 | D:3      | Reached skill level 1 in Earth Magic
  1760 | D:3      | Reached skill level 1 in Poison Magic
  1852 | D:3      | Reached XP level 5. HP: 47/47 MP: 6/6
  1931 | D:3      | Killed from afar by an orc priest

Skill      XL: |  1  2  3  4  5 |
---------------+----------------+-----
Stealth        | 6 |  6.1
Invocations    | 1 |  1.6
Short Blades   | 1 |  1.4
Axes           | 1 |  1.4
Maces & Flails | 1 |  1.4
Polearms       | 1 |  1.4
Staves         | 1 |  1.4
Slings         | 1 |  1.4
Bows           | 1 |  1.4
Crossbows      | 1 |  1.4
Armour         | 1 |  1.4
Shields        | 1 |  1.4
Spellcasting   | 1 |  1.4
Evocations     | 1 |  1.4
Conjurations   | 1 |  1.1
Hexes          | 1 |  1.1
Charms         | 1 |  1.1
Summonings     | 1 |  1.1
Necromancy     | 1 |  1.1
Translocations | 1 |  1.1
Transmutations | 1 |  1.1
Fire Magic     | 1 |  1.1
Ice Magic      | 1 |  1.1
Air Magic      | 1 |  1.1
Earth Magic    | 1 |  1.1
Poison Magic   | 1 |  1.1
Long Blades    | 3 |  3.0
Throwing       | 3 |  3.0
Dodging        | 3 |  3.0
Unarmed Combat | 3 |  3.0
Fighting       | |  6.7

Action                   |  1- 3 |  4- 6 || total
-------------------------+-------+-------++-------
Melee: Dagger            |     9 |       ||     9
       Mace              |   115 |    80 ||   195
       Bite              |    12 |     7 ||    19
       Punch             |     2 |     3 ||     5
 Cast: Beastly Appendage |       |     1 ||     1
Evoke: Wand              |       |     2 ||     2
  Use: Scroll            |     3 |     2 ||     5
       Potion            |     1 |     1 ||     2
 Stab: Sleeping          |     8 |     3 ||    11
  Eat: Chunk             |     2 |     2 ||     4
Armor: Robe              |    14 |       ||    14
       Leather armour    |    23 |    25 ||    48
Dodge: Dodged            |   122 |    46 ||   168
